 Dungeon Crawl Stone Soup version 0.14.1-26-g5a19342 (webtiles) character file.

1151 MRaven the Martial Artist (level 8, -5/58 HPs)
             Began as a Demonspawn Monk on July 8, 2014.
             Was a Believer of Makhleb.
             Slain by an orc warrior
             ... wielding a +0,+0 short sword
              (11 damage)
             ... on Level 6 of the Dungeon.
             The game lasted 00:41:37 (6821 turns).

MRaven the Martial Artist (Demonspawn Monk)         Turns: 6821, Time: 00:41:37

HP  -5/58        AC  3     Str 12      XL: 8   Next: 10%
MP   0/11        EV 23     Int 12      God: Makhleb [**....]
Gold 54          SH  9     Dex 22      Spells:  0 memorised,  7 levels left

rFire  . . .     SeeInvis .       - Unarmed
rCold  . . .     Clarity  .     e - +0 robe
rNeg   . . .     Conserve .     l - +0 buckler
rPois  +         rCorr    .     (helmet restricted)
rElec  .         rRot     .     (no cloak)
SustAb . .       Spirit   +     (no gloves)
rMut   .         Warding  .     u - +0 pair of boots
Saprov . . .     Stasis   .     (no amulet)
MR     .....                    (no ring)
                                n - ring of poison resistance

@: agile, not resistant to hostile enchantments, quite stealthy
A: horns 1, repulsion field 1, demonic guardian 1, magic shield
a: Minor Destruction, Renounce Religion


You were on level 6 of the Dungeon.
You worshipped Makhleb.
Makhleb was pleased with you.
You were hungry.

You visited 2 branches of the dungeon, and saw 7 of its levels.

You collected 184 gold pieces.
You spent 130 gold pieces at shops.

Inventory:

Missiles
 m - 2 darts (quivered)
Armour
 e - a +0 robe (worn)
 l - a +0 buckler (worn)
 u - a +0 pair of boots (worn)
Magical devices
 v - a wand of polymorph (16)
Comestibles
 b - a bread ration
 p - a choko
Scrolls
 a - a scroll of amnesia
 g - 2 scrolls of identify
 k - 2 scrolls of remove curse
 r - a scroll of magic mapping
Jewellery
 d - an uncursed ring of fire
 n - a ring of poison resistance (left hand)
Potions
 c - a potion of brilliance
 f - a potion of restore abilities
 j - a potion of flight
 q - a potion of resistance
 s - a potion of agility


   Skills:
 - Level 3.0 Fighting
 + Level 5.3 Dodging
 - Level 1.7 Stealth
 * Level 8.0 Unarmed Combat
 + Level 2.4 Invocations


You had 7 spell levels left.
You didn't know any spells.

Dungeon Overview and Level Annotations

Branches:
Dungeon (6/15)             Temple (1/1) D:5

Altars:
Ashenzari
Cheibriados
Elyvilon
Kikubaaqudgha
Makhleb
Nemelex Xobeh
Sif Muna
Vehumet
Xom
Yredelemnul
Zin
The Shining One

Shops:
D:4 ?

Annotations:
D:4 Sigmund
D:5 Menkaure


Innate Abilities, Weirdness & Mutations

You have a pair of small horns on your head.
You are surrounded by a mild repulsion field (EV +2).
A weak demonic guardian rushes to your aid.
When hurt, damage is shared between your health and your magic reserves.


Message History

The orc warrior resists.
Your crimson imp disappears in a puff of smoke!
The orc warrior misses you.
You hit the orc warrior.
You headbutt the orc warrior, but do no damage.
The orc warrior is heavily wounded.
The orc warrior barely misses you.
You closely miss the orc warrior.
The orc warrior is heavily wounded.
You completely miss the orc warrior. Your headbutt misses the orc warrior.
The orc warrior is heavily wounded.
The orc warrior completely misses you.
You hit the orc warrior but do no damage.
Your headbutt misses the orc warrior.
The orc warrior is heavily wounded.
The orc warrior hits you but does no damage.
You closely miss the orc warrior.
The orc warrior is heavily wounded.
The orc warrior hits you with a short sword!
You die...

.............<##
.............[#
...............#
................#
...$...........#
#........###.#
#......5.'...#
######........#####
............@o#
........#####)#
....... #.# ######.
(.. #. z... #.
..... #. ......# #.
....! . .


You could see an orc warrior and a friendly crimson imp.

Vanquished Creatures
  Grinder (D:5)
  A scorpion (D:5)
  3 crimson imps
  2 hounds
  4 orc priests
  An iguana (D:5)
  A worker ant (D:4)
  5 orc wizards
  Ijyb (D:2)
  A worker ant zombie (D:5)
  5 adders
  5 gnolls
  A giant mite (D:4)
  3 worms
  An orc zombie (D:6)
  3 giant eyeballs
  13 orcs
  7 bats
  A bat skeleton (D:6)
  4 giant cockroaches
  7 hobgoblins
  8 kobolds
  4 quokkas
  3 ball pythons
  5 giant geckos
  A giant newt (D:2)
  6 goblins
  9 jackals
  14 rats
120 creatures vanquished.

Vanquished Creatures (collateral kills)
  A formicid (D:6)
  A centaur (D:5)
  An orc priest (D:6)
  2 orcs
  A quokka zombie (D:6)
6 creatures vanquished.

Vanquished Creatures (others)
  2 crimson imps (D:6)
  3 quasits (D:5)
  3 white imps (D:5)
  2 ufetubi (D:5)
10 creatures vanquished.

Grand Total: 136 creatures vanquished

Notes
Turn   | Place    | Note
--------------------------------------------------------------
     0 | D:1      | MRaven, the Demonspawn Monk, began the quest for the Orb.
     0 | D:1      | Reached XP level 1. HP: 18/18 MP: 1/1
   355 | D:1      | Gained mutation: You have a pair of small horns on your head. [demonic ancestry]
   355 | D:1      | Reached XP level 2. HP: 24/24 MP: 2/2
   360 | D:1      | Reached skill level 4 in Unarmed Combat
  1346 | D:2      | Reached XP level 3. HP: 29/29 MP: 3/3
  1762 | D:2      | Noticed Ijyb
  1788 | D:1      | Paralysed by a potion of paralysis for 4 turns
  1917 | D:2      | Killed Ijyb
  1917 | D:2      | Gained mutation: A weak demonic guardian rushes to your aid. [demonic ancestry]
  1917 | D:2      | Reached XP level 4. HP: 27/35 MP: 4/4
  2629 | D:3      | Reached skill level 5 in Unarmed Combat
  3220 | D:4      | Reached XP level 5. HP: 31/41 MP: 5/5
  3548 | D:4      | Found Byreij's Magic Scroll Shoppe.
  3718 | D:4      | Bought a scroll of identify for 26 gold pieces
  3718 | D:4      | Bought a scroll of teleportation for 39 gold pieces
  3718 | D:4      | Bought a scroll of identify for 26 gold pieces
  3718 | D:4      | Bought a scroll of teleportation for 39 gold pieces
  3848 | D:4      | Noticed Sigmund
  3878 | D:5      | Entered Level 5 of the Dungeon
  4267 | D:5      | Reached skill level 6 in Unarmed Combat
  4267 | D:5      | Reached XP level 6. HP: 6/47 MP: 6/6
  4341 | D:5      | Noticed Menkaure
  4623 | D:5      | Found a staircase to the Ecumenical Temple.
  4633 | Temple   | Entered the Ecumenical Temple
  4689 | Temple   | Became a worshipper of Makhleb the Destroyer
  4689 | Temple   | Acquired Makhleb's first power
  4689 | Temple   | Acquired Makhleb's second power
  4735 | D:5      | Noticed a centaur
  4746 | D:5      | Killed a centaur
  4880 | D:5      | Noticed Grinder
  4895 | D:5      | Killed Grinder
  4895 | D:5      | Reached skill level 7 in Unarmed Combat
  4895 | D:5      | Gained mutation: When hurt, damage is shared between your health and your magic reserves. [demonic ancestry]
  4895 | D:5      | Reached XP level 7. HP: 40/52 MP: 7/7
  5568 | D:5      | Paralysed by a giant eyeball for 3 turns
  5577 | D:5      | Paralysed by a giant eyeball for 4 turns
  5687 | D:6      | Noticed a formicid
  5687 | D:6      | a worm changed into a formicid
  6257 | D:5      | Reached skill level 5 in Dodging
  6318 | D:5      | Reached skill level 1 in Invocations
  6474 | D:6      | Killed a formicid
  6481 | D:6      | Gained mutation: You are surrounded by a mild repulsion field (EV +2). [demonic ancestry]
  6481 | D:6      | Reached XP level 8. HP: 6/58 MP: 0/10
  6684 | D:5      | Reached skill level 8 in Unarmed Combat
  6821 | D:6      | Slain by an orc warrior

Action                   |  1- 3 |  4- 6 |  7- 9 || total
-------------------------+-------+-------+-------++-------
Melee: Short sword       |    13 |       |       ||    13
       Unarmed           |   104 |   150 |   197 ||   451
Throw: Dart              |    27 |     1 |       ||    28
Invok: Minor Destruction |       |     3 |       ||     3
Evoke: Wand              |       |       |     2 ||     2
  Use: Scroll            |     5 |     7 |       ||    12
       Potion            |     5 |     1 |     3 ||     9
 Stab: Sleeping          |       |     5 |     3 ||     8
       Distracted        |       |     1 |       ||     1
